 Dungeon Crawl Stone Soup version 0.30-a0-618-gd6c86c23d0 (webtiles) character file.

Game seed: 15745610611537956752

2124 wormed the Slicer (level 9, -3/55 HPs)
             Began as a Kobold Brigand on Jan 10, 2023.
             Was a Believer of Uskayaw.
             Killed from afar by an electric eel (11 damage)
             ... with a bolt of electricity
             ... on level 7 of the Dungeon.
             The game lasted 00:11:20 (6921 turns).

wormed the Slicer (Kobold Brigand)                  Turns: 6921, Time: 00:11:21

Health: -3/55      AC:  9    Str:  8    XL:     9   Next: 54%
Magic:  9/9        EV: 19    Int: 13    God:    Uskayaw [**....]
Gold:   429        SH:  0    Dex: 20    Spells: 8/8 levels left

rFire   . . .      SeeInvis .    i - +5 dagger (heavy)
rCold   . . .      Faith    .    (no shield)
rNeg    . . .      Spirit   .    b - +0 robe
rPois   .          Reflect  .    g - +0 helmet
rElec   .          Harm     .    c - +0 cloak
rCorr   +          Rampage  .    (no gloves)
Will    .....                    q - +0 pair of boots
Stlth   ++++++                   (no amulet)
HPRegen 0.29/turn                f - ring of resist corrosion
MPRegen 0.11/turn                j - +4 ring of protection

@: hasted, very quick
A: small, no large weapons, nightstalker 3
a: Renounce Religion, Stomp, Line Pass


You were on level 7 of the Dungeon.
You worshipped Uskayaw.
Uskayaw was noncommittal.
You visited 2 branches of the dungeon, and saw 9 of its levels.

You collected 452 gold pieces.
You spent 23 gold pieces at shops.

Inventory:

Hand Weapons
 i - a +5 heavy dagger (weapon)
Missiles
 d - 14 poisoned darts
 e - a curare-tipped dart
 o - 5 atropa-tipped darts
 y - 2 throwing nets
Armour
 b - a +0 robe (worn)
 c - a +0 cloak (worn)
 g - a +0 helmet (worn)
 q - a +0 pair of boots (worn)
Jewellery
 f - a ring of resist corrosion (left hand)
 j - a +4 ring of protection (right hand)
 r - an amulet of magic regeneration
 x - a +6 ring of intelligence
Wands
 a - a wand of flame (26) (quivered)
Scrolls
 p - 3 scrolls of identify
 s - a scroll of magic mapping
 v - a scroll of fog
Potions
 h - a potion of attraction
 l - a potion of invisibility
 m - 3 potions of heal wounds {unknown}
 n - 3 potions of magic {unknown}
 t - a potion of mutation {unknown}
 u - a potion of flight {unknown}
 w - a potion of resistance {unknown}
 z - a potion of brilliance {unknown}


   Skills:
 + Level 6.3 Fighting
 - Level 10.0 Short Blades
 - Level 2.1 Throwing
 + Level 6.6 Dodging
 + Level 9.4 Stealth


You had 8 spell levels left.
You didn't know any spells.
Your spell library contained the following spells:

 Spells                   Type           Power      Damage    Failure   Level
 Freeze                   Ice            0%         1d3       30%         1
 Ensorcelled Hibernation  Hex/Ice        0%         N/A       43%         2
 Ozocubu's Armour         Ice            0%         N/A       67%         3
 Spider Form              Tmut/Pois      0%         N/A       67%         3
 Anguish                  Hex/Necr       0%         N/A       97%         4
 Metabolic Englaciation   Hex/Ice        0%         N/A       100%        5
 Polar Vortex             Ice            0%         N/A       100%        9


Dungeon Overview and Level Annotations

Branches:
Dungeon (8/15)             Temple (1/1) D:5
   Lair: D:8-11

Altars:
Ashenzari
Dithmenos
Elyvilon
Fedhas
Gozag
Hepliaklqana
Kikubaaqudgha
Makhleb
Nemelex Xobeh
Okawaru
Qazlal
Ru
Uskayaw
Vehumet
Wu Jian
Yredelemnul
The Shining One

Shops:
D:4 *

Annotations:
D:3 2 transporters, bobo's ghost, amateur AtWr


Innate Abilities, Weirdness & Mutations

You are small and have problems with some larger weapons.
You are completely attuned to the shadows.


Message History

The bolt of electricity hits you!
An electric eel comes into view.
The electric eel shoots out a bolt of lightning at you!
The bolt of electricity misses you.
The electric eel shoots out a bolt of lightning at you!
The bolt of electricity misses you.
The electric eel shoots out a bolt of lightning at you!
The bolt of electricity hits you!
You see here a +0 mace.
You hit the electric eel.
The electric eel is moderately wounded.
The electric eel shoots out a bolt of lightning at you!
The bolt of electricity hits the electric eel.
The electric eel completely resists.
The bolt of electricity misses you.
The electric eel shoots out a bolt of lightning at you!
The bolt of electricity hits you!
The electric eel shoots out a bolt of lightning at you!
The bolt of electricity misses you.
You feel yourself speed up.
The electric eel shoots out a bolt of lightning at you!
The bolt of electricity hits the electric eel.
The electric eel completely resists.
The bolt of electricity hits you!
* * * LOW HITPOINT WARNING * * *
The electric eel shoots out a bolt of lightning at you!
The bolt of electricity hits you!
* * * LOW HITPOINT WARNING * * *
Aiming: Throw Flame
Press: ? - help, Q - select action, (/) - cycle Shift-Dir - straight line, f - electric eel
Aim: an electric eel (48% to hit)
The puff of flame misses the electric eel.
You can now pass through a line of other dancers.
Aiming: Throw Flame
Press: ? - help, Q - select action, (/) - cycle Shift-Dir - straight line, f - electric eel, p - electric eel
Aim: an electric eel (moderately wounded, 48% to hit)
The puff of flame hits the electric eel!
The electric eel is almost dead.
The electric eel shoots out a bolt of lightning at you!
The bolt of electricity hits the electric eel.
The electric eel completely resists.
The bolt of electricity hits you!
You die...

#..# #.###>#.#
##'## #.......#
### #...##
#####.#♣♣ ..#
#....## #.#♣
.)# #.....##
##..♣ .)#
#......####..P♣
###
#......'.....♣♣
#......####..♣
#.....## #.@♣
#....## ##SS)~S
##..(## #~♣§♣~
......# #~♣~S≈
.##.#.# #♣♣ ~≈
#.#.# #.##.#.#
#.#....#
#......#


You could see 3 electric eels.

Vanquished Creatures
  Prince Ribbit (D:5)
  Sigmund (D:5)
  Eustachio (D:5)
  A water moccasin (D:7)
  An ice beast (D:5)
  2 ogres
  A necrophage (D:5)
  A bullfrog (D:6)
  2 scorpions
  3 howler monkeys
  5 hounds
  Crazy Yiuf (D:7)
  7 orc priests
  6 iguanas
  Ijyb (D:3)
  3 orc wizards
  Robin (D:2)
  4 adders
  8 gnolls
  A shadow imp (D:3)
  An ufetubus (D:6)
  A worm (D:2)
  4 dart slugs
  25 orcs
  10 endoplasms
  4 giant cockroaches
  17 goblins
  6 hobgoblins
  4 jackals (D:2)
  2 quokkas
  5 ball pythons
  10 bats
  3 frilled lizards
  5 kobolds
  8 rats
156 creatures vanquished.

Vanquished Creatures (others)
  2 orcs (D:7)
  14 plants
16 creatures vanquished.

Grand Total: 172 creatures vanquished

Notes
Turn   | Place    | Note
-------+----------+-------------------------------------------
     0 | D:1      | wormed the Kobold Brigand began the quest for the Orb.
     0 | D:1      | Reached XP level 1. HP: 12/12 MP: 1/1
   306 | D:1      | Reached skill level 3 in Short Blades
   337 | D:1      | Reached XP level 2. HP: 18/18 MP: 2/2
  1135 | D:2      | Reached XP level 3. HP: 22/22 MP: 3/3
  1196 | D:2      | HP: 1/22 [rat (2)]
  1362 | D:2      | Reached XP level 4. HP: 23/27 MP: 4/4
  1387 | D:2      | Reached skill level 4 in Short Blades
  1464 | D:2      | Noticed Robin
  1593 | D:3      | Found a stormy altar of Qazlal.
  1704 | D:3      | Noticed a gnoll sergeant
  1838 | D:2      | Reached XP level 5. HP: 32/32 MP: 5/5
  1943 | D:2      | Got Kisiwij's Precepts of the Tundras
  2073 | D:2      | Killed Robin
  2266 | D:3      | Noticed Ijyb
  2267 | D:3      | Found a transporter.
  2270 | D:3      | Killed Ijyb
  2271 | D:3      | Reached skill level 5 in Short Blades
  2282 | D:3      | Found a transporter.
  2282 | D:3      | Noticed bobo's ghost (amateur AtWr)
  2404 | D:3      | Found an opulent altar of Gozag.
  2541 | D:3      | Reached XP level 6. HP: 26/37 MP: 6/6
  3475 | D:4      | Reached skill level 6 in Short Blades
  3550 | D:4      | Found Rioso's Assorted Antiques.
  3610 | D:4      | Reached XP level 7. HP: 42/42 MP: 7/7
  3988 | D:4      | Identified the +5 scale mail "Qixkacle" {rElec rF++ rC+}
  4257 | D:4      | Bought a scroll labelled HASTRA GUTHRAV for 23 gold pieces
  4289 | D:5      | Entered Level 5 of the Dungeon
  4341 | D:5      | Found a shadowy altar of Dithmenos.
  4489 | D:5      | Reached skill level 7 in Short Blades
  4656 | D:5      | Noticed Eustachio
  4657 | D:5      | Noticed Sigmund
  4839 | D:5      | Killed Sigmund
  4840 | D:5      | Reached XP level 8. HP: 48/48 MP: 8/8
  4892 | D:5      | Reached skill level 8 in Short Blades
  5065 | D:5      | Noticed Prince Ribbit
  5234 | D:5      | Reached skill level 5 in Dodging
  5252 | D:5      | Killed Prince Ribbit
  5253 | D:5      | Reached skill level 5 in Fighting
  5489 | D:5      | Killed Eustachio
  5490 | D:5      | Reached skill level 9 in Short Blades
  5490 | D:5      | Reached XP level 9. HP: 47/54 MP: 9/9
  5528 | D:5      | Found a staircase to the Ecumenical Temple.
  5628 | Temple   | Entered the Ecumenical Temple
  5682 | Temple   | Became a worshipper of Uskayaw the Reveller
  5834 | D:6      | Reached * piety under Uskayaw
  5841 | D:6      | Reached ** piety under Uskayaw
  6313 | D:6      | Found a sparkling altar of Nemelex Xobeh.
  6473 | D:6      | Found a basalt altar of Yredelemnul.
  6475 | D:6      | Reached skill level 10 in Short Blades
  6713 | D:7      | Found a runed translucent door.
  6716 | D:7      | Noticed Crazy Yiuf
  6721 | D:7      | Killed Crazy Yiuf
  6793 | D:7      | Reached *** piety under Uskayaw
  6921 | D:7      | Killed from afar by an electric eel

Illustrated notes

Levels and vault maps discovered:
D:1:      lemuel_arrival_river_passageway, layout_loops_corners
D:2:      layout_basic, hangedman_abyss_or_decor_lesser_grid,
          minmay_tetromino_l4, uniq_robin
D:3:      layout_basic, nicolae_gozag_cash_rules_everything_around_me,
          nicolae_qazlal_general_emergency, gammafunk_ghost_arena,
          serial_forest, infiniplex_forest_lined_room_,
          infiniplex_forest_clump_small, infiniplex_forest_end_3,
          infiniplex_forest_3_way, infiniplex_forest_diagonal,
          infiniplex_forest_clump_small, infiniplex_forest_clump_curved,
          uniq_ijyb
D:4:      layout_rooms, serial_shops, nicolae_diamond_shop, nrook_campfire,
          minmay_bisected
D:5:      layout_rooms, nicolae_dithmenos_through_a_glass_darkly,
          minmay_temple_entry_statues_pillars, st_stairs_10, minivault_19,
          uniq_sigmund, uniq_eustachio, uniq_prince_ribbit1
D:6:      layout_gridville, marbit_many_paths,
          nemelex_xobeh_ov_fountains_minmay, wad_floor_pattern_1
D:7:      layout_loops_corners, serial_bayou_lake_a, uniq_crazy_yiuf_cottage
D:8:      layout_layer_cave, dpeg_oklobed_lair, kennysheep_just_a_vault
Temple:   eino_temple_lava

Skill      XL: |  1  2  3  4  5  6  7  8  9 |
---------------+----------------------------+-----
Short Blades   | 3 4 5 6 7 9 10 | 10.0
Dodging        | 2 3 4 5 6 |  6.6
Fighting       | 3 4 5 6 |  6.3
Stealth        | 6 7 8 9 |  9.4
Throwing       | |  2.1

Action                   |  1- 3 |  4- 6 |  7- 9 || total
-------------------------+-------+-------+-------++-------
Melee: Dagger            |    91 |   175 |   278 ||   544
       Punch             |     2 |     3 |     3 ||     8
       Unarmed           |       |    16 |       ||    16
Throw: Dart              |     3 |     1 |     9 ||    13
       Throwing net      |       |       |     8 ||     8
Evoke: Wand              |       |       |     2 ||     2
  Use: Scroll            |     3 |     6 |     7 ||    16
       Potion            |       |     1 |     4 ||     5
 Stab: Sleeping          |    11 |    15 |     8 ||    34
       Distracted        |       |     1 |     2 ||     3
       Held in net/web   |       |       |     2 ||     2
Armor: Robe              |    22 |    34 |    93 ||   149
       Skin              |       |    10 |       ||    10
Dodge: Dodged            |    80 |   147 |   333 ||   560

Table legend: (Time is in decaauts)
 A = Elapsed time spent in this place.
 B = Non-inter-level travel time spent in this place.
 C = Inter-level travel time spent in this place.
 D = Time resting spent in this place.
 E = Time spent auto-exploring this place.
 F = Levels seen in this place.
 G = Mean time per level.
                   A        B        C        D        E       F      G
               +--------+--------+--------+--------+--------+-----+--------+
         Total |   6814 |   6450 |    364 |      0 |   5186 |   9 |  757.1 |
       Dungeon |   6747 |   6391 |    356 |      0 |   5158 |   8 |  843.4 |
        Temple |     66 |     58 |      8 |      0 |     28 |   1 |   66.0 |
               +--------+--------+--------+--------+--------+-----+--------+

Top non-repeatable levels by time:
     D:4: 1236 daAuts
     D:2: 1191 daAuts
     D:1: 1188 daAuts
     D:5: 1067 daAuts
     D:3: 985 daAuts
     D:6: 736 daAuts
     D:7: 243 daAuts
     D:8: 99 daAuts
  Temple: 66 daAuts
